 Dungeon Crawl Stone Soup version 0.25.0-9-g26727b657a (webtiles) character file.

Game seed: 8815586133662923467

522 mopl the Digger (level 7, -2/41 HPs)
             Began as an Octopode Earth Elementalist on June 16, 2020.
             Slain by an orc
             ... wielding a +0 flail
              (10 damage)
             ... on level 5 of the Dungeon.
             The game lasted 00:05:29 (3655 turns).

mopl the Digger (Octopode Earth Elementalist)       Turns: 3655, Time: 00:05:30

Health: -2/41      AC:  2    Str:  7    XL:     7   Next: 22%
Magic:  9/13       EV: 13    Int: 20    God:
Gold:   309        SH:  0    Dex: 12    Spells: 4/14 levels left

rFire    . . .     SeeInvis .   h - +1 short sword (flame)
rCold    . . .     Gourm    .   (no shield)
rNeg     . . .     Faith    .   n - +1 hat
rPois    .         Spirit   .   (no amulet)
rElec    .         Reflect  .   g - ring of protection from magic
rCorr    .         Harm     .   (no ring)
MR       +....                  (no ring)
Stlth    +++.......             (no ring)
HPRegen  0.13/turn              (no ring)
MPRegen  0.13/turn              (no ring)
                                (no ring)
                                (no ring)

@: no status effects
A: almost no armour, stealthy swim, amphibious, 8 rings, constrict 8, camouflage
1, gelatinous body 1
a: no special abilities


You were on level 5 of the Dungeon.
You were very hungry.

You visited 1 branch of the dungeon, and saw 5 of its levels.

You collected 309 gold pieces.

Inventory:

Hand Weapons
 a - a +0 spear
 h - a +1 short sword of flaming (weapon)
Missiles
 b - 220 stones (quivered)
 q - 7 javelins
 r - 5 boomerangs
 s - 33 poisoned darts
Armour
 n - a +1 hat (worn)
Jewellery
 g - a ring of protection from magic (left tentacle)
Wands
 u - a wand of paralysis (8)
Scrolls
 f - a scroll of random uselessness {unknown}
 j - a scroll of enchant weapon {unknown}
 m - 3 scrolls of teleportation {unknown}
 o - 5 scrolls of identify {unknown}
 p - 4 scrolls of fog {unknown}
 v - 3 scrolls of fear {unknown}
 x - a scroll of enchant armour {unknown}
Potions
 d - a potion of curing {unknown}
 e - 2 potions of brilliance {unknown}
 i - 3 potions of resistance {unknown}
 k - 2 potions of flight {unknown}
 t - a potion of heal wounds {unknown}
 w - a potion of magic {unknown}
Comestibles
 c - 11 rations


   Skills:
 - Level 2.0 Dodging
 - Level 3.0 Stealth
 * Level 4.1 Spellcasting
 * Level 3.2 Conjurations
 + Level 2.7 Transmutations
 * Level 5.1 Earth Magic


You had 4 spell levels left.
You knew the following spells:

 Your Spells              Type           Power        Failure   Level  Hunger
a - Sandblast             Erth           ###...       1%          1    None
b - Stone Arrow           Conj/Erth      ###...       7%          3    ###....
c - Petrify               Tmut/Erth      ###.....     26%         4    ####...
p - Passwall              Tmut/Erth      ###.....     3%          2    #......

Your spell library contained the following spells:

 Spells                   Type           Power        Failure   Level  Hunger
 Animate Skeleton         Necr           N/A          13%         1    None
 Apportation              Tloc           #.....       13%         1    None
 Corona                   Hex            #......      13%         1    None
 Summon Small Mammal      Summ           #...         13%         1    None
 Lee's Rapid Deconstruct  Erth           ###.......   41%         5    ######.


Dungeon Overview and Level Annotations

Branches:
Dungeon (5/15)
 Temple: D:4-7

Altars:
Makhleb
Nemelex Xobeh
Okawaru
Xom


Innate Abilities, Weirdness & Mutations

You cannot wear most types of armour.
You are very stealthy in the water. (Stealth+)
You are amphibious.
You can wear up to eight rings at the same time.
You can use your tentacles to constrict eight enemies at once.
Your skin changes colour to match your surroundings (Stealth+).
Your rubbery body absorbs attacks. (AC +1, EV +1)


Message History

Aim: an orc wizard, wielding a +1 dagger of venom and wearing a +0 robe (moderately wounded, constricted by you)
The blast of sand hits the orc wizard!
You kill the orc wizard!
b - 221 stones You constrict the orc.
The orc barely misses you. The orc hits you.
Unknown command.
Casting: Sandblast (safe; 1% risk of failure)
Confirm with . or Enter, or press ? or * to list all spells.
Aiming: Sandblast (safe; 1% risk of failure)
Press: ? - help, Shift-Dir - straight line, f - orc priest
Aim: an orc priest The blast of sand hits the orc priest.
The orc priest is moderately wounded.
b - 220 stones You constrict the orc, but do no damage.
The orc priest invokes the aid of Beogh against you.
Beogh smites you!
* * * LOW HITPOINT WARNING * * *
The orc closely misses you. The orc hits you with a +0 flail!
You die...

#####....# #........####
#..........^# o #####.......[...#
.. #...............#
.oo#############...............##
........o.o..o.'...............+.
##.#############oo.......###...##
.. #@o.......# #...# #
#.......).# #...## #.........#
#...#< #......)..# #.....
#.........# #..... ###########
#..... #..>.. #..... ###..#


You could see an orc priest and 2 orcs.

Vanquished Creatures
  An ice beast (D:5)
  A bullfrog zombie (D:3)
  An orc priest (D:3)
  3 orc wizards
  Jessica (D:3)
  2 worker ants (D:4)
  A gnoll (D:1)
  8 adders
  2 oozes
  5 worms
  2 dart slugs
  2 leopard geckos
  13 orcs
  10 bats
  6 giant cockroaches
  10 hobgoblins
  5 jackals
  5 kobolds
  2 quokkas (D:3)
  10 frilled lizards
  4 goblins
  2 leopard gecko skeletons (D:4)
  A quokka zombie (D:5)
  5 rats
102 creatures vanquished.

Notes
Turn   | Place    | Note
-------+----------+-------------------------------------------
     0 | D:1      | mopl the Octopode Earth Elementalist began the quest for
                  | the Orb.
     0 | D:1      | Reached XP level 1. HP: 11/11 MP: 3/3
   152 | D:1      | Reached XP level 2. HP: 14/17 MP: 5/5
   645 | D:1      | Reached XP level 3. HP: 21/21 MP: 6/6
   650 | D:1      | Learned a level 3 spell: Stone Arrow
   653 | D:1      | Learned a level 2 spell: Passwall
  1142 | D:2      | Found a shimmering altar of Xom.
  1418 | D:2      | Reached XP level 4. HP: 24/27 MP: 8/8
  1445 | D:2      | Reached skill level 1 in Conjurations
  1609 | D:3      | Found a sparkling altar of Nemelex Xobeh.
  1661 | D:3      | Reached skill level 4 in Earth Magic
  1661 | D:3      | Reached XP level 5. HP: 31/31 MP: 4/9
  1713 | D:3      | Found a burning altar of Makhleb.
  1962 | D:3      | Noticed Jessica
  1987 | D:3      | Killed Jessica
  1991 | D:3      | Reached XP level 6. HP: 31/36 MP: 7/11
  2002 | D:3      | Learned a level 4 spell: Petrify
  3112 | D:5      | Entered Level 5 of the Dungeon
  3116 | D:5      | Found an iron altar of Okawaru.
  3314 | D:5      | Noticed an ice beast
  3334 | D:5      | HP: 1/36 [ice beast (7)]
  3335 | D:5      | Killed an ice beast
  3335 | D:5      | Reached skill level 5 in Earth Magic
  3335 | D:5      | Reached XP level 7. HP: 1/41 MP: 3/13
  3655 | D:5      | Slain by an orc

Illustrated notes

Levels and vault maps discovered:
D:1:      dpeg_arrival_rooms_with_view, layout_loops_corners,
          minmay_tiny_reverse_x
D:2:      layout_rooms, overflow_temple_1_default, interstate_on_off,
          minmay_lizard_pond
D:3:      layout_rooms, bloody_makhleb, lemuel_crystal_altar, first_ration,
          uniq_jessica
D:4:      layout_loops_ring
D:5:      layout_basic, lemuel_round_altar, minmay_misc_feat_room

Skill      XL: |  1  2  3  4  5  6 |
---------------+-------------------+-----
Conjurations   | 1 2 3 |  3.2
Spellcasting   | 3 4 |  4.1
Earth Magic    | 4 5 |  5.1
Transmutations | 2 |  2.7
Stealth        | 3 |  3.0
Dodging        | |  2.0

Action                   |  1- 3 |  4- 6 |  7- 9 || total
-------------------------+-------+-------+-------++-------
Melee: Spear             |    67 |       |       ||    67
       Tentacles         |    17 |     8 |     1 ||    26
       Constrict         |    21 |    22 |     2 ||    45
       Short sword       |    32 |   124 |     5 ||   161
 Cast: Sandblast         |     2 |    39 |     6 ||    47
       Petrify           |       |     2 |       ||     2
 Stab: Sleeping          |    17 |    11 |       ||    28
       Petrified         |       |     8 |       ||     8
  Eat: Chunk             |     2 |     6 |       ||     8
Armor: Skin              |     9 |    11 |     1 ||    21
Dodge: Dodged            |    48 |    83 |     6 ||   137
